Map: Golden Wall LE

Players

soO - Winner!

  • Race: Zerg Zerg
  • League: Master
  • Spawn Location: 7:00

Dream

  • Race: Terran Terran
  • League: Master
  • Spawn Location: 5:00

Event: War Chest Team League

VOD

Have the link to the VOD?

Description

Time

  • Played on: Aug. 2, 2020, 10:09 a.m.
  • Length: 4:33
Show
View Real Time Build Order
Export as new Build Order

soO Zerg - Winner!

Build Orders: Pool Only, Ravager All-In 

Get SALT Encoding   

  12  0:17  Spawning Pool  
  11  0:22  Drone  
  11  0:27  Drone  
  13  0:32  Drone  
  14  0:40  Extractor  
  14  0:41  Drone  
  14  0:48  Extractor, Drone  
  14  1:05  Roach Warren  
  14  1:06  Zergling x2  
  14  1:11  Overlord  
  14  1:24  Overlord  
  14  1:45  Roach x2  
  18  1:53  Roach  
  20  2:04  Roach  
  20  2:07  Ravager  
  23  2:09  Ravager  
  25  2:22  Ravager  
  25  2:29  Roach  
  26  2:40  Ravager  
  27  2:49  Roach  
  27  2:50  Overlord  
  29  3:13  Roach x2  
  33  3:39  Overlord  
  30  3:49  Roach  
  29  4:13  Ravager x2  
  31  4:22  Ravager x2  
Show
View Real Time Build Order
Export as new Build Order

Dream Terran 

Build Orders: Reaper Expand 

Get SALT Encoding   

  12  0:00  SCV  
  13  0:12  SCV  
  14  0:17  Supply Depot  
  14  0:24  SCV  
  15  0:38  SCV  
  15  0:39  Barracks  
  16  0:43  Refinery  
  16  0:50  SCV  
  17  1:02  SCV  
  18  1:14  SCV  
  19  1:26  Reaper  
  19  1:27  Orbital Command  
  20  1:40  Command Center  
  20  1:52  SCV  
  21  1:55  Barracks  
  21  1:58  Barracks Reactor  
  21  2:04  SCV  
  21  2:08  Supply Depot  
  22  2:13  Refinery  
  22  2:16  SCV  
  23  2:29  SCV  
  24  2:34  Marine  
  24  2:35  Marine, Factory  
  26  2:43  Barracks Tech Lab  
  26  2:44  SCV  
  26  2:45  Bunker  
  25  2:52  Marine x2  
  25  2:56  SCV  
  27  3:02  Concussive Shells  
  27  3:03  Marauder  
  29  3:08  SCV  
  29  3:10  Marine x2  
  28  3:17  Supply Depot  
  28  3:21  Supply Depot  
  23  3:39  Marine, Widow Mine  
  23  3:40  SCV  
  16  3:51  Marauder  
Tags
 
Add a new tag
Caveats
  • Supply blocks, unpowered buildings, or Contaminate may cause inaccurate times.
  • Supply counts are checked every 10 seconds.